 Dungeon Crawl Stone Soup version 0.19-a0-1025-g778f431 (webtiles) character file.

45994 Gagarin the Nimble (level 14, -8/169 HPs)
             Began as a Demonspawn Berserker on July 28, 2016.
             Was an Elder of Trog.
             Mangled by a troll (9 damage)
             ... on level 10 of the Dungeon.
             The game lasted 01:23:37 (20034 turns).

Gagarin the Nimble (Demonspawn Berserker)          Turns: 20034, Time: 01:23:37

Health: -8/169     AC: 17    Str: 25    XL:     14   Next: 3%
Magic:  15/15      EV: 22    Int:  7    God:    Trog [****..]
Gold:   986        SH:  4    Dex: 19    Spells: 0 memorised, 13 levels left

rFire  . . .     SeeInvis .     T - +3 glaive (protect)
rCold  . . .     Gourm    +     W - +0 troll leather armour
rNeg   . . .     Faith    .     (shield currently unavailable)
rPois  .         Spirit   .     C - +0 helmet
rElec  .         Dismiss  .     O - +0 cloak "Puarph" {+Inv rCorr Int-3 Dex+5}
rCorr  +         Reflect  .     y - +0 pair of gloves
SustAt .         Harm     .     (no boots)
MR     ++...                    u - amulet of the gourmand
Stlth  ..........               l - ring of flight
                                p - ring of protection from magic

@: berserking, studying Polearms, very quick, very resistant to hostile
enchantments, extremely unstealthy
A: large bone plates 3, nightstalker 1, powered by death 2
a: Berserk, Trog's Hand, Brothers in Arms, Burn Spellbooks, Renounce Religion,
Evoke Invisibility, Evoke Flight


You were on level 10 of the Dungeon.
You worshipped Trog.
Trog was greatly pleased with you.
You were very full.

You visited 2 branches of the dungeon, and saw 16 of its levels.
You also visited: Ice Cave.

You collected 1180 gold pieces.
You spent 194 gold pieces at shops.

Inventory:

Hand Weapons
 d - a +1 broad axe of flaming
 Q - a +0 shortbow
 T - a +3 glaive of protection (weapon)
Missiles
 o - 336 arrows
Armour
 y - a +0 pair of gloves (worn)
 C - a +0 helmet (worn)
 O - the +0 cloak "Puarph" (worn) {+Inv rCorr Int-3 Dex+5}
   (You found it in an ice cave)

   It affects your intelligence (-3).
   It affects your dexterity (+5).
   It lets you turn invisible.
   It protects you from acid and corrosion.
 W - a +0 troll leather armour (worn)
Jewellery
 l - a ring of flight (right hand)
 p - a ring of protection from magic (left hand)
 u - an amulet of the gourmand (around neck)
Wands
 a - a wand of disintegration (8/24)
 w - a wand of paralysis (20/24)
 x - a wand of flame (28/48)
Scrolls
 f - 3 scrolls of recharging
 g - a scroll of magic mapping {unknown}
 h - 4 scrolls of identify
 i - 7 scrolls of teleportation
 m - 4 scrolls of enchant weapon
 q - 3 scrolls of fog
 s - 3 scrolls of remove curse
 A - a scroll of fear
 H - 3 scrolls of vulnerability {unknown}
 M - 2 scrolls of random uselessness {unknown}
 N - a scroll of blinking
 Y - a scroll of silence
Potions
 b - 2 potions of magic
 e - a potion of curing
 j - a potion of brilliance {unknown}
 v - a potion of berserk rage {unknown}
 z - 2 potions of haste
 B - 4 potions of might
 E - a potion of cancellation {unknown}
 G - 2 potions of ambrosia
 J - a potion of invisibility {unknown}
 L - a potion of mutation {unknown}
 R - a potion of lignification {unknown}
 S - 2 potions of flight
Books
 r - a manual of Polearms
Miscellaneous
 D - a sack of spiders
Comestibles
 c - 7 bread rations
 k - 8 beef jerkies
 n - 11 meat rations
 t - 2 royal jellies
 F - 11 fruits
 I - 2 chunks of flesh


   Skills:
 + Level 11.1 Fighting
 + Level 11.7 Axes
 + Level 0.3(7.5) Polearms
 + Level 3.0 Bows
 + Level 5.7 Armour
 + Level 12.3 Dodging
 + Level 5.8 Stealth
   Level 8.2 Shields
 + Level 1.4 Evocations


You had 13 spell levels left.
You didn't know any spells.

Dungeon Overview and Level Annotations

Branches:
Dungeon (10/15)            Temple (0/1) D:6            Lair (6/6) D:8
 Shoals (0/4) Lair:2       Spider (0/4) Lair:2        Slime (0/5) Lair:5
    Orc: D:9-12

Altars:
Fedhas
Gozag
Nemelex Xobeh
Okawaru
Pakellas
Vehumet
The Shining One

Shops:
D:5 =   D:9 ?


Innate Abilities, Weirdness & Mutations

You are completely covered in large bone plates. (AC +4, SH +4)
You are slightly more attuned to the shadows.
You regenerate health from kills.


Message History

The troll misses you. The yaktaur captain misses you.
You hit the yaktaur captain.
The yaktaur captain is lightly wounded.
The howler monkey hoots and howls with incredible vigour!
The big kobold misses you. The troll barely misses you.
The troll closely misses you. The troll misses you.
The yaktaur captain completely misses you.
You completely miss the yaktaur captain.
The yaktaur captain is lightly wounded.
The big kobold misses you. The yaktaur captain hits you!
* * * LOW HITPOINT WARNING * * *
The troll misses you. The troll completely misses you.
The troll barely misses you.
The howler monkey hoots and howls with incredible vigour!
You slash the yaktaur captain!
The yaktaur captain is moderately wounded.
The big kobold misses you. The yaktaur captain hits you!!
* * * LOW HITPOINT WARNING * * *
The troll bites you!
You die...

#....# .#...#
##...## 8.8##.8...8
#...... #.##.....!.
##...#. #.##.......
#....#. ##.##.......
##..## #8.8#oO.....
#...# . #.##co.....
##..# . #.'@Th..⌠..
#...# . ##.##K......
##..# . #8.8#.......
#...# . ##.##.......
##..##. #.##.......
#....). ##.##.......
##....# #8.8##.8...8
#.....# ##.##
##..#.#
#.###+#+#+#+##...#.#


You could see a yaktaur captain, a troll, an orc warrior, a big kobold, an ogre,
a howler monkey and an orc.

Vanquished Creatures
  A frost giant (IceCv)
  2 dire elephants (Lair:6)
  Snorg (Lair:5)
  A hydra (Lair:6)
  An ice dragon (Lair:5)
  An anaconda (Lair:6)
  2 death yaks (Lair:4)
  Pikel (D:6)
  An oklob plant (Lair:4)
  16 elephants
  2 black mambas
  A torpor snail (Lair:4)
  3 spiny frogs
  Joseph (D:7)
  6 komodo dragons
  2 rime drakes
  2 trolls (D:9)
  17 polar bears
  22 blink frogs
  A boulder beetle (Lair:6)
  2 wyverns
  6 hippogriffs
  27 yaks
  8 porcupines
  11 water moccasins
  6 sky beasts
  An orc warrior (D:9)
  A phantom (D:8)
  A black bear (D:9)
  7 necrophages
  An ogre (D:7)
  30 wolves
  3 centaurs
  12 crocodiles
  Blork the orc (D:4)
  13 giant frogs
  7 jellies
  A wyvern skeleton (D:10)
  2 scorpions
  11 killer bees
  7 wights
  4 crimson imps
  6 hounds
  6 orc priests
  7 iguanas
  5 orc wizards
  Natasha (twice) (D:3)
  8 worker ants
  A hell rat (Lair:2)
  13 sheep
  A howler monkey zombie (D:5)
  A worker ant zombie (D:5)
  6 adders
  5 gnolls
  24 river rats
  4 shadow imps
  An adder skeleton (D:8)
  5 worms
  14 dart slugs
  7 giant geckos
  35 orcs
  A ball python (D:2)
  5 bats
  6 giant cockroaches
  7 goblins
  4 hobgoblins
  9 jackals
  7 quokkas
  2 giant gecko skeletons
  4 giant newts
  2 jackal skeletons
  5 kobolds
  A quokka skeleton (D:5)
  6 rats
  7 fungi
  9 plants
472 creatures vanquished.

Vanquished Creatures (collateral kills)
  A dire elephant (Lair:6)
  2 hydras
  3 death yaks (Lair:4)
  A black mamba (Lair:4)
  9 polar bears
  3 blink frogs (Lair:4)
  A boulder beetle (Lair:4)
  5 yaks
  A hippogriff (Lair:4)
  2 water moccasins (Lair:4)
  A sky beast (D:10)
  A boggart (D:10)
  4 sheep (Lair:5)
34 creatures vanquished.

Vanquished Creatures (others)
  A troll (D:3)
  A slave (D:7)
  A killer bee (D:7)
  An iguana (D:7)
  An orc (D:7)
  A giant cockroach (D:7)
  19 fungi
  12 plants
37 creatures vanquished.

Grand Total: 543 creatures vanquished

Notes
Turn   | Place    | Note
-------+----------+-------------------------------------------
     0 | D:1      | Gagarin the Demonspawn Berserker began the quest for the Orb.
     0 | D:1      | Reached XP level 1. HP: 18/18 MP: 1/1
   153 | D:1      | Reached skill level 2 in Dodging
   153 | D:1      | Gained mutation: You are partially covered in large bone plates. (AC +2, SH +2) [demonic ancestry]
   153 | D:1      | Reached XP level 2. HP: 15/24 MP: 2/2
  1006 | D:2      | Reached XP level 3. HP: 28/29 MP: 3/3
  1215 | D:2      | Reached ** piety under Trog
  1437 | D:2      | Found a glowing golden altar of the Shining One.
  1440 | D:2      | Found an iron altar of Okawaru.
  1775 | D:3      | Reached XP level 4. HP: 35/35 MP: 4/4
  1778 | D:3      | Reached skill level 3 in Dodging
  1786 | D:3      | Killed a troll
  1970 | D:3      | Found an oddly glowing altar of Pakellas.
  1970 | D:3      | Noticed an orange crystal statue
  2110 | D:3      | Reached XP level 5. HP: 42/42 MP: 5/5
  2233 | D:3      | Noticed Natasha
  2238 | D:3      | Killed Natasha
  2777 | D:3      | Noticed Natasha
  2784 | D:3      | Killed Natasha
  2831 | D:4      | You fall through a shaft!
  2831 | D:5      | Entered Level 5 of the Dungeon
  2832 | D:5      | Reached *** piety under Trog
  2843 | D:5      | Reached XP level 6. HP: 9/48 MP: 6/6
  3087 | D:5      | Found Puz Homm's Jewellery Emporium.
  3092 | D:5      | Found an iron altar of Okawaru.
  3167 | D:5      | Found an opulent altar of Gozag.
  3424 | D:4      | Noticed a sky beast
  3432 | D:4      | Killed a sky beast
  3432 | D:4      | Reached skill level 4 in Dodging
  3651 | D:4      | Gained mutation: You are mostly covered in large bone plates. (AC +3, SH +3) [demonic ancestry]
  3651 | D:4      | Reached XP level 7. HP: 55/55 MP: 7/7
  3864 | D:4      | Noticed Blork the orc
  3871 | D:4      | Killed Blork the orc
  4126 | D:5      | Reached skill level 5 in Axes
  4166 | D:5      | Reached skill level 5 in Fighting
  4167 | D:5      | Reached **** piety under Trog
  4168 | D:5      | Reached skill level 1 in Stealth
  4518 | D:5      | Reached skill level 1 in Shields
  4518 | D:5      | Reached XP level 8. HP: 62/62 MP: 8/8
  4519 | D:5      | Reached skill level 5 in Dodging
  4629 | D:5      | Found a sparkling altar of Nemelex Xobeh.
  5478 | D:6      | Found a staircase to the Ecumenical Temple.
  5661 | D:6      | Reached skill level 6 in Dodging
  6026 | D:6      | Found a blossoming altar of Fedhas.
  6139 | D:6      | Reached ***** piety under Trog
  6139 | D:6      | Reached XP level 9. HP: 29/69 MP: 9/9
  6274 | D:7      | Noticed Pikel
  6285 | D:6      | Killed Pikel
  6285 | D:6      | Reached skill level 7 in Dodging
  6743 | D:7      | Found an oddly glowing altar of Pakellas.
  6813 | D:7      | Noticed Joseph
  6833 | D:7      | Killed Joseph
  7653 | D:8      | Found a staircase to the Lair.
  8232 | D:9      | Noticed a troll
  8242 | D:9      | Reached XP level 10. HP: 65/77 MP: 10/10
  8252 | D:9      | Reached skill level 5 in Shields
  8336 | D:9      | Found Poklig's Magic Scroll Emporium.
  8352 | D:9      | Bought a scroll of silence for 97 gold pieces
  8352 | D:9      | Bought a scroll of enchant armour for 97 gold pieces
  8596 | D:9      | Reached skill level 8 in Dodging
  8931 | Lair:1   | Entered Level 1 of the Lair of Beasts
  8931 | Lair:1   | Found a radiant altar of Vehumet.
 10113 | Lair:2   | Found a hole to the Spider Nest.
 10339 | Lair:2   | Noticed a four-headed hydra
 10379 | Lair:2   | Killed a four-headed hydra
 10379 | Lair:2   | Reached skill level 1 in Bows
 10696 | Lair:2   | Gained mutation: You are completely covered in large bone plates. (AC +4, SH +4) [demonic ancestry]
 10696 | Lair:2   | Reached XP level 11. HP: 73/86 MP: 11/11
 10703 | Lair:2   | Reached skill level 9 in Dodging
 10772 | Lair:2   | Found a staircase to the Shoals.
 11711 | Lair:3   | Received a gift from Trog
 12398 | Lair:4   | HP: 6/130 [blink frog (16)]
 12999 | Lair:4   | Noticed a death yak
 13003 | Lair:4   | Noticed a death yak
 13004 | Lair:4   | Noticed a death yak
 13009 | Lair:4   | Killed a death yak
 13019 | Lair:4   | HP: 6/130 [death yak (13)]
 13026 | Lair:4   | Noticed an oklob plant
 13117 | Lair:4   | Reached skill level 10 in Dodging
 13125 | Lair:4   | Reached skill level 1 in Evocations
 13383 | Lair:4   | Gained mutation: You regenerate a little health from kills. [demonic ancestry]
 13383 | Lair:4   | Reached XP level 12. HP: 82/95 MP: 12/12
 13633 | Lair:4   | Reached skill level 5 in Stealth
 13744 | Lair:4   | Killed a death yak
 13747 | Lair:4   | Killed a death yak
 14031 | Lair:4   | Noticed a death yak
 14036 | Lair:4   | Noticed a death yak
 14042 | Lair:4   | Killed a death yak
 14044 | Lair:4   | Killed a death yak
 14674 | Lair:5   | Reached skill level 10 in Axes
 14684 | Lair:5   | Reached skill level 5 in Armour
 14765 | Lair:5   | Found a staircase to the Slime Pits.
 14770 | Lair:5   | Found a frozen archway.
 14772 | Lair:5   | Noticed an ice dragon
 14827 | Lair:5   | Killed an ice dragon
 14873 | IceCv    | Entered an ice cave
 14953 | IceCv    | Received a gift from Trog
 15130 | IceCv    | Reached skill level 11 in Dodging
 15189 | IceCv    | Reached skill level 10 in Fighting
 15909 | IceCv    | Noticed a frost giant
 15915 | IceCv    | Gained mutation: You regenerate health from kills. [demonic ancestry]
 15915 | IceCv    | Reached XP level 13. HP: 103/103 MP: 13/13
 15934 | IceCv    | HP: 7/154 [frost giant/battleaxe of freezing (5)]
 15938 | IceCv    | HP: 1/154 [frost giant/bolt of cold (11)]
 15940 | IceCv    | Killed a frost giant
 16129 | IceCv    | Got a spiked cloak
 16626 | Lair:3   | Received a gift from Trog
 16632 | Lair:3   | Got an ebony short sword {god gift}
 16701 | Lair:1   | Identified the +5 short sword of the Rat {pierce, *Confuse rPois Int+4} (Trog gifted it to you on level 3 of the Lair of Beasts)
 16716 | Lair:1   | Identified the +0 cloak "Puarph" {+Inv rCorr Int-3 Dex+5} (You found it in an ice cave)
 17026 | Lair:5   | Noticed Snorg
 17035 | Lair:5   | Killed Snorg
 17385 | Lair:6   | Entered Level 6 of the Lair of Beasts
 17402 | Lair:6   | Reached skill level 12 in Dodging
 17914 | Lair:6   | Got a brightly glowing flail
 17915 | Lair:6   | Identified the +2 flail of Battle {crush, Stlth+} (You found it on level 6 of the Lair of Beasts)
 18439 | Lair:6   | Received a gift from Trog
 19046 | Lair:6   | Noticed a dire elephant
 19064 | Lair:6   | Killed a dire elephant
 19126 | Lair:6   | Noticed a dire elephant
 19126 | Lair:6   | Noticed a dire elephant
 19132 | Lair:6   | Killed a dire elephant
 19135 | Lair:6   | Killed a dire elephant
 19473 | D:9      | Gained mutation: You are slightly more attuned to the shadows. [demonic ancestry]
 19473 | D:9      | Reached XP level 14. HP: 104/113 MP: 15/15
 19687 | D:10     | Entered Level 10 of the Dungeon
 20034 | D:10     | HP: 1/169 [yaktaur captain (23)]
 20034 | D:10     | Mangled by a troll

Vault maps used:
D:1:      dpeg_arrival_line_fractal
D:2:      nicolae_overflow_hidden_temple
D:3:      first_bread, gammafunk_pakellas_statue_experiment, uniq_natasha
D:4:      uniq_blork_the_orc
D:5:      kennysheep_slugbush, nemelex_altar_shiori, nicolae_gozag_seed_capital,
          serial_bayou, serial_bayou_ford_a, serial_bayou_lake_a,
          serial_bayou_pond_e, serial_bayou_lagoon_b, serial_bayou_pond_d,
          serial_shops, shop, minmay_misc_feat_room, okawaru_metal_pillars_1_2
D:6:      fedhas_altar_3
D:7:      lemuel_crystal_altar, grunt_ogre_cave, minmay_misc_feat_secret_circle,
          corexii_leaking_fountain, uniq_joseph, uniq_pikel
D:8:      lair_0_dummy, kennysheep_cross_room
D:9:      serial_shops, shop
D:10:     wad_statue_garden, grunt_decor_cap, hex_tiny
Lair:1:   basic_altar, minivault_27
Lair:2:   shoals_dummy_entry, spider_nest_entry_web_field
Lair:3:   serial_bayou_shore_b, infiniplex_staircase_pool_2, grunt_megastairs_2,
          lemuel_fruit_tree
Lair:4:   st_stairs_11, roderic_lost_polar_bear
Lair:5:   slime_dummy, portal_ice_cave_entry_animals_and_master,
          roderic_carrion_pond, uniq_snorg
Lair:6:   due_jungle_book
IceCv:    ice_cave_caverns_03

Skill      XL: |  1  2  3  4  5  6  7  8  9 10 11 12 13 |
---------------+----------------------------------------+-----
Axes           | 3 4 5 6 7 8 9 10 11 | 11.7
Dodging        | 2 3 4 6 7 8 10 11 12 | 12.3
Fighting       | 4 5 6 7 9 10 11 | 11.1
Armour         | 2 3 4 5 |  5.7
Stealth        | 1 2 3 4 5 |  5.8
Shields        | 1 2 4 6 7 8 |  8.2
Bows           | 1 2 3 |  3.0
Evocations     | 1 |  1.4
Polearms       | |  0.3

Action                   |  1- 3 |  4- 6 |  7- 9 | 10-12 | 13-15 || total
-------------------------+-------+-------+-------+-------+-------++-------
Melee: Hand axe          |   125 |    29 |       |       |       ||   154
       War axe           |       |    76 |   517 |   972 |    55 ||  1620
       Battleaxe         |       |       |       |       |   193 ||   193
       Broad axe         |       |       |       |       |    66 ||    66
       Glaive            |       |       |       |       |    69 ||    69
       Whip              |       |       |       |       |     5 ||     5
 Fire: Shortbow          |       |       |     8 |    27 |     4 ||    39
Throw: Javelin           |       |       |     1 |       |       ||     1
Invok: Berserk           |     1 |     5 |    13 |    23 |     9 ||    51
       Burn Spellbooks   |       |     1 |       |     2 |     3 ||     6
       Brothers in Arms  |       |       |       |    10 |     6 ||    16
       Trog's Hand       |       |       |       |     2 |     2 ||     4
Evoke: Wand              |       |       |       |     4 |     6 ||    10
  Use: Potion            |       |     1 |       |     5 |     1 ||     7
       Scroll            |       |       |     3 |    18 |     2 ||    23
 Stab: Sleeping          |     2 |     1 |     3 |     7 |     9 ||    22
       Distracted        |       |       |       |     2 |     2 ||     4
       Paralysed         |       |       |       |     5 |       ||     5
  Eat: Chunk             |     2 |    13 |    26 |    61 |    25 ||   127
       Bread ration      |       |       |     2 |       |       ||     2
Armor: Animal skin       |    34 |       |       |       |       ||    34
       Leather armour    |       |    26 |     7 |     7 |       ||    40
       Robe              |       |       |   114 |       |       ||   114
       Plate armour      |       |       |    41 |    14 |       ||    55
       Troll leather arm |       |       |       |   227 |   100 ||   327
Dodge: Dodged            |    81 |    81 |   271 |   589 |   413 ||  1435
Block: Other             |    13 |     6 |    10 |    67 |    58 ||   154
       Shield            |       |       |   215 |       |       ||   215
       Large shield      |       |       |    78 |   676 |   140 ||   894
